 Dungeon Crawl Stone Soup version 0.32-a0-666-ge8a88695a4 (webtiles) character file.

Game seed: 5170477768726083535

9 Esekla the Sneak (level 2, -6/21 HPs)
             Began as an Octopode Delver on Mar 10, 2024.
             Mangled by a sleepcap (19 damage)
             ... on level 5 of the Dungeon.
             The game lasted 00:02:09 (183 turns).

Esekla the Sneak (Octopode Delver)                   Turns: 183, Time: 00:02:10

Health: -6/21      AC:  1    Str: 11    XL:     2   Next: 16%
Magic:  2/2        EV:  2    Int: 12    God:
Gold:   10         SH:  0    Dex: 13    Spells: 1/1 levels left

rFire   . . .        a - +0 falchion
rCold   . . .        (no shield)
rNeg    . . .        (helmet restricted)
rPois   .            (no amulet)
rElec   .            (no ring)
rCorr   .            (no ring)
SInv    .            (no ring)
Will    .....        (no ring)
Stlth   ++++         (no ring)
HPRegen 0.23/turn    (no ring)
MPRegen 0.08/turn    (no ring)
                     (no ring)

%: no passive effects
@: sleeping
A: almost no armour, amphibious, 8 rings, camouflage 1, gelatinous body 1,
(nimble swimmer 1), tentacles
a: no special abilities


You were on level 5 of the Dungeon.
You visited 1 branch of the dungeon, and saw 1 of its levels.

You collected 10 gold pieces.

Inventory:

Hand Weapons
 a - a +0 falchion (weapon)
Wands
 f - a wand of digging (3)
Scrolls
 b - a scroll of fog
 c - a scroll of identify {unknown}
Potions
 d - a potion of degeneration {unknown}


   Skills:
 * Level 3.0 Fighting
 + Level 2.0 Long Blades
 * Level 2.0 Dodging
 + Level 7.1 Stealth


You had one spell level left.
You didn't know any spells.
Your spell library was empty.

Dungeon Overview and Level Annotations

Branches:
Dungeon (5/15)
 Temple: D:4-7

Altars:

Shops:
D:5 ?


Innate Abilities, Weirdness & Mutations

You cannot wear most types of armour.
You are amphibious.
You can wear up to eight rings at the same time.
Your skin changes colour to match your surroundings (Stealth+).
Your rubbery body absorbs attacks. (AC +1, EV +1)
((You are camouflaged when in or above water. (Stealth+)))
You have tentacles for arms and can constrict up to eight enemies at once.


Message History

You have reached level 2!
An ogre comes into view. It is wielding a +0 giant spiked club.
Found an amethyst potion.
You feel sick.
You are no longer poisoned.
There is an entrance to The Oracle's Delphic Readings here.
You can access your shopping list by pressing '$'.
d - an amethyst potion
There are no items here.
You start resting.
Your extra speed is starting to run out.
You start resting.
You feel yourself slow down.
You start resting.
HP restored.
There is an entrance to The Oracle's Delphic Readings here.
You see here an adder corpse.
As you open the door, it creaks loudly!
You hear a shout!
There is an open door here.
You open the door.
There is an open door here.
The sleepcap barely misses you. The sleepcap attacks as it pursues you!
The sleepcap closely misses you.
There is an open door here.
You hit the sleepcap but do no damage. You grab the sleepcap.
You constrict the sleepcap. The sleepcap releases spores at you.
You hit the sleepcap but do no damage.
You squeeze the sleepcap, but do no damage.
The sleepcap is moderately damaged.
You constrict the sleepcap. The sleepcap closely misses you.
You hit the sleepcap but do no damage.
The sleepcap is moderately damaged.
You constrict the sleepcap. The sleepcap misses you.
You slash the sleepcap!
The sleepcap is severely damaged.
You constrict the sleepcap. The sleepcap releases spores at you.
You are engulfed in a cloud of soporific spores!
You fall asleep.
You lose your grip on the sleepcap.
The sleepcap releases spores at you!!
Ouch! That really hurt!
You die...

*,,,,,,,,*,,*#####.....##...#.
*,,,,,,,,+,,*#..##.....##...'.
*,,,,,,,,*,,,#..............#.
*****,,,,,,,*,,,#..............#.
*,,**,,**,,**#####.###..)###.###.
,,,*,,,*######.###.###...###+###.
,,,**,,*#...'...#....#...........
,,,######...#...#....#...........
,,,#....#...#..f@....#...........
*,,+...##...##..##...#..W........
*,,#...##...##..##...#,......[...
,,,#.........<..##..##*..#......#
,,,#............##..####*########
,,,#..................#
,,,#...##...##........#
*,,#...##...##...#...##
*,,#...#....###..#####


You could see a sleepcap.

Vanquished Creatures
  An adder (D:5)
1 creature vanquished.

Notes
Turn   | Place    | Note
-------+----------+-------------------------------------------
     0 | D:5      | Esekla the Octopode Delver began the quest for the Orb.
     0 | D:5      | Reached XP level 1. HP: 16/16 MP: 1/1
    20 | D:5      | Noticed a phantom
    52 | D:5      | Noticed a sleepcap
    60 | D:5      | Noticed a hound
    81 | D:5      | Found The Oracle's Delphic Readings.
    88 | D:5      | Reached skill level 7 in Stealth
    88 | D:5      | Reached XP level 2. HP: 10/21 MP: 2/2
    89 | D:5      | Noticed an ogre
   183 | D:5      | Mangled by a sleepcap

Illustrated notes

Levels and vault maps discovered:
D:5:      black_bear_nest_1, layout_gridville,
          mainiacjoe_overflow_six_doors_small, nicolae_nh_oracle_at_delphi,
          uniq_menkaure

Skill      XL: |  1 |
---------------+----+-----
Stealth        | 7 |  7.1
Fighting       | |  3.0
Long Blades    | |  2.0
Dodging        | |  2.0

Action                     || total
---------------------------++-------
  Melee: Falchion          ||     8
         Constrict         ||     2
         Tentacles         ||     1
    Use: Scroll            ||     2
         Potion            ||     1
 Armour: Skin              ||     7
  Dodge: Dodged            ||     8

Table legend: (Time is in decaauts)
 A = Elapsed time spent in this place.
 B = Non-inter-level travel time spent in this place.
 C = Inter-level travel time spent in this place.
 D = Time resting spent in this place.
 E = Time spent auto-exploring this place.
 F = Levels seen in this place.
 G = Mean time per level.
                   A        B        C        D        E       F      G
               +--------+--------+--------+--------+--------+-----+--------+
         Total |    168 |    168 |      0 |     46 |      0 |   1 |  168.0 |
       Dungeon |    168 |    168 |      0 |     46 |      0 |   1 |  168.0 |
               +--------+--------+--------+--------+--------+-----+--------+

Top non-repeatable levels by time:
     D:5: 168 daAuts
